 Dungeon Crawl Stone Soup version 0.28-a0-915-gcd63401287 (webtiles) character file.

Game seed: 456057243723121786

41 kae the Ruffian (level 3, -6/28 HPs)
             Began as a Draconian Transmuter on Nov 25, 2021.
             Killed by divine providence
             ... invoked by an orc priest
              (10 damage)
             ... on level 2 of the Dungeon.
             The game lasted 00:00:52 (1528 turns).

kae the Ruffian (Draconian Transmuter)              Turns: 1528, Time: 00:00:53

Health: -6/28      AC:  5    Str: 12    XL:     3   Next: 32%
Magic:  4/6        EV: 12    Int: 14    God:
Gold:   59         SH:  0    Dex: 11    Spells: 2/6 levels left

rFire   . . .      SeeInvis .     - Unarmed
rCold   . . .      Faith    .   (no shield)
rNeg    . . .      Spirit   .   (armour unavailable)
rPois   .          Reflect  .   (helmet restricted)
rElec   .          Harm     .   (no cloak)
rCorr   .          Rampage  .   (no gloves)
Will    .....                   (no boots)
Stlth   +.........              (no amulet)
HPRegen 0.09/turn               (no ring)
MPRegen 0.10/turn               (no ring)

@: brilliant, very slightly contaminated
A: AC +5, unfitting armour, cold-blooded
a: no special abilities


You were on level 2 of the Dungeon.
You visited 1 branch of the dungeon, and saw 2 of its levels.

You collected 59 gold pieces.

You aren't carrying anything.


   Skills:
 + Level 1.6 Fighting
 + Level 2.1 Dodging
 * Level 3.4 Unarmed Combat
 + Level 2.2 Spellcasting
 * Level 2.5 Transmutations


You had 2 spell levels left.
You knew the following spells:

 Your Spells              Type           Power      Damage    Failure   Level
a - Beastly Appendage     Tmut           26%        N/A       9%          1
b - Spider Form           Tmut/Pois      7%         N/A       38%         3

Your spell library contained the following spells:

 Spells                   Type           Power      Damage    Failure   Level
 Wereblood                Tmut           13%        N/A       12%         2
 Ice Form                 Ice/Tmut       7%         N/A       80%         4


Dungeon Overview and Level Annotations

Branches:
Dungeon (2/15)

Altars:


Innate Abilities, Weirdness & Mutations

Your plain brown scales are hard. (AC +5)
You cannot fit into any form of body armour.
You are cold-blooded and may be slowed by cold attacks.


Message History

It was a potion of brilliance.
You feel clever all of a sudden.
The orc priest hits you but does no damage.
The orc wizard hits you with a +0 dagger.
You aren't carrying any scrolls.
Unknown command.
Casting: Beastly Appendage (safe; 9% risk of failure)
Confirm with . or Enter, or press ? or * to list all spells.
The spell is extremely dangerous to cast (38% risk of failure)!
Continue anyway? [Y]es or [N]o only, please.
The spell is extremely dangerous to cast (38% risk of failure)!
Continue anyway?
You feel a surge of power!
You miscast Spider Form.
You are very lightly contaminated with residual magic.
You feel rather nauseous for a moment.
You are poisoned.
You feel sick.
The orc priest calls down the wrath of Beogh upon you.
Pain shoots through your body!
* * * LOW HITPOINT WARNING * * *
The orc wizard completely misses you.
You aren't carrying any potions.
You aren't carrying any scrolls.
Attack: -) Nothing wielded
Press: ? - help, Dir - move target, f - orc priest
Aim: an orc priest, wielding a +0 hand axe and wearing a +0 leather armour (about 44% to evade your hands)
Okay, then.
You feel sick.
Attack: -) Nothing wielded
Press: ? - help, Dir - move target, f - orc priest
Aim: an orc priest, wielding a +0 hand axe and wearing a +0 leather armour (about 44% to evade your hands)
You hit the orc priest.
The orc priest is moderately wounded.
You feel sick.
The orc priest hits you with a +0 hand axe.
* * * LOW HITPOINT WARNING * * *
You feel sick.
You are no longer poisoned.
The orc priest calls down the wrath of Beogh upon you.
Beogh smites you!
You die...

.# ..#.# ####.#
#.#.# #.o.o#
#(#####.#.## #o#
#.........#. #.#
#####...##. #.#
#...... #o#
#..###.
#.###########..#
#.
#.@............#
#>
######.........#
##
#.##########..
#.# #.. #.# #..
#.# #.. #.# ###
#.#


You could see an orc priest, an orc wizard and an orc.

Vanquished Creatures
  A dart slug (D:1)
  3 endoplasms (D:1)
  2 giant cockroaches (D:1)
  7 goblins
  4 hobgoblins (D:1)
  3 kobolds (D:1)
  2 quokkas
  5 ball pythons
  4 bats (D:1)
  3 rats
34 creatures vanquished.

Notes
Turn   | Place    | Note
-------+----------+-------------------------------------------
     0 | D:1      | kae the Draconian Transmuter began the quest for the Orb.
     0 | D:1      | Reached XP level 1. HP: 16/16 MP: 3/3
   367 | D:1      | Reached XP level 2. HP: 23/23 MP: 3/5
  1022 | D:1      | Reached XP level 3. HP: 28/28 MP: 4/6
  1026 | D:1      | Learned a level 3 spell: Spider Form
  1311 | D:2      | Found a faded altar of an unknown god.
  1528 | D:2      | Killed from afar by an orc priest

Illustrated notes

Levels and vault maps discovered:
D:1:      giann_bridges, layout_loops_ring
D:2:      layout_basic, basic_ecumenical_altar

Skill      XL: |  1  2 |
---------------+-------+-----
Dodging        | 2 |  2.1
Fighting       | |  1.6
Unarmed Combat | |  3.4
Spellcasting   | |  2.2
Transmutations | |  2.5

Action                   || total
-------------------------++-------
Melee: Unarmed           ||    97
       Kick              ||    15
       Headbutt          ||     5
       Tailslap          ||     4
 Cast: Beastly Appendage ||    23
  Use: Scroll            ||     1
       Potion            ||     1
 Stab: Distracted        ||     1
Armor: Skin              ||    27
Dodge: Dodged            ||    75

Table legend: (Time is in decaauts)
 A = Elapsed time spent in this place.
 B = Non-inter-level travel time spent in this place.
 C = Inter-level travel time spent in this place.
 D = Time resting spent in this place.
 E = Time spent auto-exploring this place.
 F = Levels seen in this place.
 G = Mean time per level.
                   A        B        C        D        E       F      G
               +--------+--------+--------+--------+--------+-----+--------+
         Total |   1522 |   1507 |     15 |      0 |   1249 |   2 |  761.0 |
       Dungeon |   1522 |   1507 |     15 |      0 |   1249 |   2 |  761.0 |
               +--------+--------+--------+--------+--------+-----+--------+

Top non-repeatable levels by time:
     D:1: 1259 daAuts
     D:2: 263 daAuts
